 Dungeon Crawl Stone Soup version 0.31.0-11-ge490571c62 (webtiles) character file.

Game seed: 15177895841696069124

60 qw the Shooter (level 3, -5/18 HPs)
             Began as a Spriggan Hunter on Feb 4, 2024.
             Splashed by a jelly's acid (9 damage)
             ... on level 2 of the Dungeon.
             The game lasted 00:00:03 (919 turns).

qw the Shooter (Spriggan Hunter)                     Turns: 919, Time: 00:00:04

Health: -5/18      AC:  2    Str:  7    XL:     3   Next: 82%
Magic:  4/4        EV: 19    Int: 10    God:
Gold:   84         SH:  0    Dex: 20    Spells: 2/2 levels left

rFire   . . .        a - +0 shortbow (freeze)
rCold   . . .        (shield currently unavailable)
rNeg    . . .        c - +0 robe
rPois   .            (helmet restricted)
rElec   .            (no cloak)
rCorr   .            (gloves unavailable)
SInv    +            (boots unavailable)
Will    .....        (no amulet)
Stlth   ++           (no ring)
HPRegen 0.23/turn    (no ring)
MPRegen 0.09/turn

%: no passive effects
@: very quick
A: very small, no large weapons, unfitting armour, see invisible, speed 3
a: no special abilities


You were on level 2 of the Dungeon.
You visited 1 branch of the dungeon, and saw 2 of its levels.

You collected 84 gold pieces.


Innate Abilities, Weirdness & Mutations

You are very small and have problems with some larger weapons.
You are too small for most types of armour.
You have supernaturally acute eyesight. (SInv)
You cover ground extremely quickly. (Speed+++)


   Skills:
 - Level 1.5 Fighting
 - Level 5.0 Ranged Weapons
 + Level 4.1 Dodging
 - Level 1.5 Stealth


You had 2 spell levels left.
You didn't know any spells.
Your spell library was empty.

Inventory:

Hand Weapons
 a - a +0 shortbow of freezing (weapon)
Armour
 c - a +0 robe (worn)
Jewellery
 b - a ring of positive energy
Scrolls
 e - a scroll of amnesia {unknown}
Potions
 d - a potion of berserk rage {unknown}

Dungeon Overview and Level Annotations

Branches:
Dungeon (2/15)

Altars:
Ashenzari
Hepliaklqana
Kikubaaqudgha
Qazlal
Sif Muna
Vehumet


Message History

You shoot an arrow. The arrow hits the endoplasm.
The arrow freezes the endoplasm.
The endoplasm is almost dead.
The endoplasm freezes you.
You are frozen.
You shoot an arrow.
The arrow completely misses the endoplasm.
The arrow hits the jelly.
The arrow freezes the jelly.
The jelly is lightly wounded.
The jelly quivers.
The endoplasm hits the fungus.
The fungus begins to die.
The endoplasm freezes you.
You are frozen.
The endoplasm freezes you.
You are frozen.
You shoot an arrow. The arrow hits the endoplasm.
The arrow freezes the endoplasm.
You kill the endoplasm!
The endoplasm hits the fungus. x2; The endoplasm hits you.
Your Ranged Weapons skill increases to level 5!
You shoot an arrow. The arrow hits the endoplasm!
The arrow freezes the endoplasm.
You kill the endoplasm!
The endoplasm closely misses you.
The endoplasm hits the fungus.
You shoot an arrow.
The arrow completely misses the endoplasm.
The endoplasm completely misses you. The endoplasm hits you.
You shoot an arrow. The arrow hits the endoplasm!
The arrow freezes the endoplasm.
You kill the endoplasm!
The endoplasm freezes you.
You are frozen.
The jelly hits the fungus.
The fungus is splashed with acid.
The acid corrodes the fungus!
The endoplasm jiggles.
You shoot an arrow. The arrow hits the jelly.
The arrow freezes the jelly.
The jelly is heavily wounded.
A nearby fungus withers and dies.
The jelly hits you.
You are splashed with acid!
Ouch! That really hurt!
You die...

.#...##.##....)..##..............
..##.##.##.......##..............
.....##.##.......##............>.
.##.....##.......##........###..#
.##.#..######....###...>#......%.
.#.....###..'....# #.......###...
.#.....##.######## #.#.##..# #.#%
.#.....###.....)## #.#.##..##..##
.#>....# #######@# #..........###
##...).# .%.%JJJPJ##.#.##....# ##
#......# ..%_.J%J.##[......#.# #.
#......# ..._.P...##.#.###.#..##.
#......# ...P...P%##.#.# #.##....
######.# ....._.P.# ... #..##...
.# #.# :.._._.P.# .. ##.##.#.
.### #.# ########## .# #.....#.
...###.#############.#####.....#.


You could see 2 jellies and 4 endoplasms.

Vanquished Creatures
  2 dart slugs
  A ribbon worm (D:2)
  8 endoplasms
  2 giant cockroaches
  2 goblins (D:1)
  2 hobgoblins (D:2)
  7 jackals (D:1)
  8 kobolds
  2 quokkas (D:1)
  5 ball pythons
  2 bats (D:2)
  2 frilled lizards
  5 rats
48 creatures vanquished.

Notes
Turn   | Place    | Note
-------+----------+-------------------------------------------
     0 | D:1      | qw the Spriggan Hunter began the quest for the Orb.
     0 | D:1      | Reached XP level 1. HP: 10/10 MP: 2/2
     0 | D:1      | 0 ||| qw: Version: 0.3-a-160-g6735b56
     0 | D:1      | 0 ||| qw: Game counter: 4818
     0 | D:1      | 0 ||| qw: Melee chars always use a shield: true
     0 | D:1      | 0 ||| qw: God list: Okawaru
     0 | D:1      | 0 ||| qw: Allow faded altars: false
     0 | D:1      | 0 ||| qw: Do Orc after clearing Dungeon:15 true
     0 | D:1      | 0 ||| qw: Do second Lair branch before Depths: true
     0 | D:1      | 0 ||| qw: Lair rune preference: random
     0 | D:1      | 0 ||| qw: Goals: Normal
     0 | D:1      | 0 ||| PLANNING D:1-11
    66 | D:1      | Reached skill level 3 in Dodging
   173 | D:1      | Reached XP level 2. HP: 14/14 MP: 3/3
   298 | D:1      | Reached XP level 3. HP: 18/18 MP: 4/4
   576 | D:1      | 576 ||| READING scroll labelled QATWOBA JOPREORPH.
   577 | D:1      | 577 ||| READING scroll labelled SIGUWAOFUO.
   577 | D:1      | 577 ||| BRANDING +0 shortbow.
   578 | D:1      | 578 ||| READING scroll labelled XAPHIA LAIV.
   582 | D:1      | 582 ||| READING 2 scrolls labelled NEPU YKLUFEE.
   582 | D:1      | 582 ||| IDENTIFYING glowing red potion
   583 | D:1      | 583 ||| READING scroll of identify.
   583 | D:1      | 583 ||| IDENTIFYING scroll labelled TOEJOS PELOSO
   584 | D:1      | 584 ||| DROPPING scroll of butterflies.
   585 | D:1      | 585 ||| DROPPING scroll of vulnerability.
   586 | D:1      | 586 ||| DROPPING potion of attraction.
   910 | D:2      | Found a stormy altar of Qazlal.
   910 | D:2      | Found an ancient bone altar of Kikubaaqudgha.
   910 | D:2      | Found a hazy altar of Hepliaklqana.
   910 | D:2      | Found a shimmering blue altar of Sif Muna.
   910 | D:2      | Found a radiant altar of Vehumet.
   910 | D:2      | Found a broken altar of Ashenzari.
   916 | D:2      | Reached skill level 5 in Ranged Weapons
   919 | D:2      | HP: 4/18 [jelly (2)]
   919 | D:2      | Splashed by a jelly's acid

Levels and vault maps discovered:
D:1:      minmay_arrival_nine_rooms, layout_basic
D:2:      cheibrodos_fertilizer, layout_rooms

Skill      XL: |  1  2  3 |
---------------+----------+-----
Dodging        | 3 4 |  4.1
Ranged Weapons | 5 |  5.0
Fighting       | |  1.5
Stealth        | |  1.5

Action                     || total
---------------------------++-------
   Fire: Shortbow          ||   103
    Use: Scroll            ||     5
 Armour: Robe              ||    10
  Dodge: Dodged            ||    37

Table legend:
 A = Non-vault XP
 B = Vault XP
 C = Vault XP percentage of total XP
 D = Non-vault monster count
 E = Vault monster count
 F = Vault count percentage of total count
                 A         B        C        D         E       F
            +---------+---------+-------+---------+---------+-------
      Total |      68 |      19 |  21.8 |      37 |      11 |  22.9
            +---------+---------+-------+---------+---------+-------
        D:1 |      44 |       0 |   0.0 |      24 |       0 |   0.0
        D:2 |      24 |      19 |  44.2 |      13 |      11 |  45.8
            +---------+---------+-------+---------+---------+-------
